AoeStats
← JellyGolem

Nomad

510918534Analyzed
3v3 RM · 17h ago on Oct 3, 2026· 46m 4s· 6 players
Game mode
Random Map
Map size
210×210
Population
200
Speed
Normal
Resources
Standard
Victory
Conquest
Starting age
Dark Age
Ending age
Imperial Age
RankedLock teamsTeams togetherTeam positionsShared explorationLock speedFull tech treeHidden civsTurbo modeCheats
Victory
Defeat
🇺🇸 Varangians · United States
982
+12
🇺🇸 Danes · United States
933
+14
🇺🇸 Saxons · United States
873
+16
🇺🇸 Romans · United States
970
-17
🇺🇸 Varangians · United States
892
-14
🇺🇸 Bulgarians · United States
805
-27
JellyGolem
10:12 Loom
12:28 Feudal Age
13:17 Double-Bit Axe
14:27 Bloodlines
19:26 Horse Collar
19:39 Gold Mining
21:50 Wheelbarrow
22:43 Fishing Lines
28:18 Castle Age
27:50 Forging
27:48 Scale Barding Armor
27:35 Fletching
29:56 Husbandry
30:14 Bow Saw
30:20 Heavy Plow
31:23 Chain Barding Armor
31:39 Iron Casting
32:26 Hand Cart
32:38 Gillnets
37:40 Bodkin Arrow
39:37 Town Watch
40:56 Ballistics
40:32 Murder Holes
41:13 Vendel Legacy
46:47 Imperial Age
44:34 Pikeman
45:14 Squires
45:00 Gambesons
45:19 Scale Mail Armor
Shade_Blade_
10:21 Loom
14:54 Feudal Age
15:50 Double-Bit Axe
23:02 Horse Collar
23:21 Fletching
30:42 Castle Age
38:38 Bow Saw
mmill105
12:50 Feudal Age
13:53 Man-at-Arms
15:49 Double-Bit Axe
16:48 Horse Collar
19:28 Wheelbarrow
27:36 Castle Age
27:42 Pikeman
28:16 Loom
29:41 Bow Saw
33:03 Hand Cart
34:11 Heavy Plow
33:37 Long Swordsman
34:19 Squires
34:45 Forging
34:36 Scale Mail Armor
36:37 Gold Mining
36:38 Stone Mining
36:45 Stone Mining
45:34 Town Watch
ATF agent
12:51 Loom
15:25 Feudal Age
16:55 Man-at-Arms
24:29 Double-Bit Axe
24:52 Gold Mining
29:30 Castle Age
27:33 Arson
29:27 Scale Mail Armor
30:33 Gambesons
30:50 Squires
31:15 Clerical Recruitment
31:56 Horse Collar
33:27 Forging
37:51 Town Watch
44:32 Imperial Age
44:30 Pikeman
45:07 Elite Hearth Troop
46:10 Conscription
47:07 Wheelbarrow
Sloshed Crusader
12:39 Loom
15:25 Feudal Age
16:17 Man-at-Arms
17:47 Double-Bit Axe
17:47 Horse Collar
19:00 Arson
20:11 Forging
21:03 Scale Mail Armor
21:52 Gold Mining
27:27 Castle Age
27:38 Fletching
28:02 Long Swordsman
28:28 Gambesons
28:43 Squires
29:07 Squires
28:56 Gambesons
29:16 Pikeman
32:06 Heavy Plow
32:45 Iron Casting
32:26 Chain Mail Armor
32:50 Bodkin Arrow
36:51 Padded Archer Armor
37:03 Scale Barding Armor
39:45 Hamask
44:19 Imperial Age
45:42 Ballistics
MrChumbaWumba
11:53 Loom
14:16 Feudal Age
18:44 Castle Age
18:46 Bloodlines
18:54 Scale Barding Armor
18:59 Forging
18:44 Gold Mining
25:13 Stone Mining
26:01 Chain Barding Armor
26:17 Iron Casting
27:03 Horse Collar
27:11 Double-Bit Axe
32:16 Wheelbarrow
32:07 Husbandry
33:44 Heavy Plow
34:41 Hand Cart
34:57 Town Watch
38:13 Imperial Age
36:23 Fletching
37:11 Vendel Legacy
38:34 Cavalier
39:45 Conscription
40:47 Plate Barding Armor
41:12 Blast Furnace
43:37 Elite Jarl
45:41 Bow Saw
46:08 Stone Shaft Mining
46:05 Crop Rotation
45:57 Ballistics
46:38 Chemistry
45:35 Murder Holes
45:51 Masonry
Connection lost

Rejoining the realm…

Still unreachable

The connection could not be restored.

Session expired

The server has moved on; the page needs a fresh start.